 Dungeon Crawl Stone Soup version 0.27-a0-887-gcab673c142 (webtiles) character file.

Game seed: 2755289191378607425

251 rageheart7 the Ducker (level 6, -2/53 HPs)
             Began as a Gnoll Monk on Apr 4, 2021.
             Slain by a river rat (5 damage)
             ... summoned by Eustachio
             ... on level 4 of the Dungeon.
             The game lasted 00:04:09 (3213 turns).

rageheart7 the Ducker (Gnoll Monk)                  Turns: 3213, Time: 00:04:10

Health: -2/53      AC:  4    Str: 12      XL:     6   Next: 13%
Magic:  8/8        EV: 13    Int: 10      God:
Gold:   173        SH:  0    Dex:  9 (14) Spells: 8/8 levels left

rFire    + . .     SeeInvis .   e - +2 short sword (holy)
rCold    . . .     Faith    .   (no shield)
rNeg     . . .     Spirit   .   a - +0 leather armour
rPois    .         Reflect  .   (no helmet)
rElec    .         Harm     .   (no cloak)
rCorr    .         Rampage  .   (no gloves)
Will     .....                  h - +0 pair of boots
Stlth    ++........             (no amulet)
HPRegen  0.17/turn              b - ring of protection from fire
MPRegen  0.11/turn              (no ring)

@: brilliant
A: fangs 1, strong nose, distributed training
a: no special abilities


You were on level 4 of the Dungeon.
You visited 1 branch of the dungeon, and saw 4 of its levels.

You collected 173 gold pieces.

Inventory:

Hand Weapons
 e - a +2 short sword of holy wrath (weapon)
Armour
 a - a +0 leather armour (worn)
 h - a +0 pair of boots (worn)
Magical Staves
 n - a staff of air
Jewellery
 b - a ring of protection from fire (left hand)
Scrolls
 f - 2 scrolls of amnesia


   Skills:
 + Level 6.8 Fighting
 + Level 1.8 Short Blades
 + Level 1.8 Long Blades
 + Level 6.8 Axes
 + Level 1.8 Maces & Flails
 + Level 1.8 Polearms
 + Level 1.8 Staves
 + Level 1.8 Slings
 + Level 1.8 Bows
 + Level 1.8 Crossbows
 + Level 1.8 Throwing
 + Level 1.8 Armour
 + Level 6.8 Dodging
 + Level 4.5 Stealth
 + Level 1.8 Shields
 + Level 1.8 Unarmed Combat
 + Level 1.8 Spellcasting
 + Level 1.4 Conjurations
 + Level 1.4 Hexes
 + Level 1.4 Summonings
 + Level 1.4 Necromancy
 + Level 1.4 Translocations
 + Level 1.4 Transmutations
 + Level 1.4 Fire Magic
 + Level 1.4 Ice Magic
 + Level 1.4 Air Magic
 + Level 1.4 Earth Magic
 + Level 1.4 Poison Magic
 + Level 2.0 Invocations
 + Level 1.8 Evocations


You had 8 spell levels left.
You didn't know any spells.
Your spell library was empty.

Dungeon Overview and Level Annotations

Branches:
Dungeon (4/15)
 Temple: D:4-7

Altars:
Elyvilon
Nemelex Xobeh
Okawaru
Trog

Annotations:
D:4 Edmund, Eustachio


Innate Abilities, Weirdness & Mutations

You have very sharp teeth.
Your uncanny sense of smell can sniff out nearby items.
Your experience applies equally to all skills.


Message History

Eustachio blinks!
The quokka bites you.
* * * LOW HITPOINT WARNING * * *
The rat barely misses you.
You miss the quokka. Your bite misses the quokka. The quokka bites you.
* * * LOW HITPOINT WARNING * * *
The rat closely misses you.
Okay, then.
You hit the quokka.
The quokka is almost dead.
The quokka barely misses you. The rat barely misses you.
You hit the quokka.
You kill the quokka!
The quokka's corpse disappears in a puff of smoke!
The rat bites you but does no damage.
You hit the quasit.
The quasit convulses.
The quasit is heavily wounded.
The quasit bites you.
* * * LOW HITPOINT WARNING * * *
The quasit claws you but does no damage.
The quasit completely misses you. The rat misses you.
You hit the quasit.
The quasit convulses.
The quasit is severely wounded.
The quasit bites you but does no damage.
The quasit claws you but does no damage.
The quasit misses you. The quasit closely misses you.
The quasit claws you but does no damage.
The quasit claws you.
* * * LOW HITPOINT WARNING * * *
The rat bites you.
* * * LOW HITPOINT WARNING * * *
You hit the quasit.
You kill the quasit!
The rat closely misses you.
You hit the river rat.
The river rat is heavily wounded.
The river rat closely misses you. The rat barely misses you.
You hit the river rat but do no damage.
The river rat is heavily wounded.
The river rat bites you.
You die...

## . .. #. #.
... #.## ....
#..# ..#.
.....#..# ...
._......# #.Y#∆
#..###########
...#
#..r@r@.......
...#
#..###<######
...####
#.r.r.§#
#.......
.....####.#
...## ##### #.#
#. ....# #.# #.
...#.# ∆
##.#...#####.#
#. #.## ..
##.........##.#
#. #.# .
..>..........#
#.


You could see Eustachio, a river rat (summoned) and a rat (summoned).

Vanquished Creatures
  A sky beast (D:4)
  2 orc wizards (D:3)
  4 adders
  A dart slug (D:4)
  7 orcs
  5 ball pythons
  6 endoplasms
  2 giant cockroaches (D:2)
  3 goblins
  3 hobgoblins
  6 jackals
  A quokka (D:1)
  10 bats
  6 frilled lizards
  4 kobolds
  5 rats
66 creatures vanquished.

Notes
Turn   | Place    | Note
-------+----------+-------------------------------------------
     0 | D:1      | rageheart7 the Gnoll Monk began the quest for the Orb.
     0 | D:1      | Reached XP level 1. HP: 23/23 MP: 1/1
    98 | D:1      | Reached XP level 2. HP: 27/29 MP: 2/2
   326 | D:1      | Found a faded altar of an unknown god.
   411 | D:1      | Reached XP level 3. HP: 31/35 MP: 3/3
   815 | D:2      | Reached skill level 1 in Invocations
   974 | D:2      | Reached skill level 1 in Short Blades
   974 | D:2      | Reached skill level 1 in Long Blades
   974 | D:2      | Reached skill level 1 in Maces & Flails
   974 | D:2      | Reached skill level 1 in Polearms
   974 | D:2      | Reached skill level 1 in Staves
   974 | D:2      | Reached skill level 1 in Slings
   974 | D:2      | Reached skill level 1 in Bows
   974 | D:2      | Reached skill level 1 in Crossbows
   974 | D:2      | Reached skill level 1 in Throwing
   974 | D:2      | Reached skill level 1 in Armour
   974 | D:2      | Reached skill level 1 in Shields
   974 | D:2      | Reached skill level 1 in Unarmed Combat
   974 | D:2      | Reached skill level 1 in Spellcasting
   974 | D:2      | Reached skill level 1 in Evocations
  1116 | D:2      | You fall into a shaft and drop 2 floors!
  1192 | D:4      | Noticed a sky beast
  1207 | D:4      | Reached XP level 4. HP: 41/41 MP: 5/5
  1257 | D:3      | Reached skill level 1 in Conjurations
  1257 | D:3      | Reached skill level 1 in Hexes
  1257 | D:3      | Reached skill level 1 in Summonings
  1257 | D:3      | Reached skill level 1 in Necromancy
  1257 | D:3      | Reached skill level 1 in Translocations
  1257 | D:3      | Reached skill level 1 in Transmutations
  1257 | D:3      | Reached skill level 1 in Fire Magic
  1257 | D:3      | Reached skill level 1 in Ice Magic
  1257 | D:3      | Reached skill level 1 in Air Magic
  1257 | D:3      | Reached skill level 1 in Earth Magic
  1257 | D:3      | Reached skill level 1 in Poison Magic
  1420 | D:3      | Found an iron altar of Okawaru.
  1512 | D:3      | Found a large runed translucent door.
  1514 | D:3      | Found a large runed translucent door.
  2224 | D:3      | Reached XP level 5. HP: 39/47 MP: 5/7
  2436 | D:3      | Found a bloodstained altar of Trog.
  2442 | D:3      | Found a white marble altar of Elyvilon.
  2558 | D:4      | Noticed Edmund
  2843 | D:4      | Noticed Eustachio
  2850 | D:4      | Found a sparkling altar of Nemelex Xobeh.
  2918 | D:4      | Killed a sky beast
  2919 | D:4      | Reached XP level 6. HP: 16/53 MP: 8/8
  3213 | D:4      | Slain by a river rat

Illustrated notes

Levels and vault maps discovered:
D:1:      sevenhm_arrival_forest_fort_large_4, layout_rooms,
          basic_ecumenical_altar
D:2:      layout_loops_corners
D:3:      layout_basic, jmf_multi_god_temple2, marbit_many_paths
D:4:      layout_loops_ring, old_standard_altar, hangedman_decor_growths,
          kennysheep_doodads, minivault_23, uniq_edmund, uniq_robin,
          uniq_eustachio, uniq_menkaure

Skill      XL: |  1  2  3  4  5 |
---------------+----------------+-----
Invocations    | 1 2 |  2.0
Short Blades   | 1 |  1.8
Long Blades    | 1 |  1.8
Maces & Flails | 1 |  1.8
Polearms       | 1 |  1.8
Staves         | 1 |  1.8
Slings         | 1 |  1.8
Bows           | 1 |  1.8
Crossbows      | 1 |  1.8
Throwing       | 1 |  1.8
Armour         | 1 |  1.8
Shields        | 1 |  1.8
Unarmed Combat | 1 |  1.8
Spellcasting   | 1 |  1.8
Evocations     | 1 |  1.8
Conjurations   | 1 |  1.4
Hexes          | 1 |  1.4
Summonings     | 1 |  1.4
Necromancy     | 1 |  1.4
Translocations | 1 |  1.4
Transmutations | 1 |  1.4
Fire Magic     | 1 |  1.4
Ice Magic      | 1 |  1.4
Air Magic      | 1 |  1.4
Earth Magic    | 1 |  1.4
Poison Magic   | 1 |  1.4
Fighting       | |  6.8
Axes           | |  6.8
Dodging        | |  6.8
Stealth        | |  4.5

Action                   |  1- 3 |  4- 6 || total
-------------------------+-------+-------++-------
Melee: Hand axe          |    56 |       ||    56
       Bite              |     3 |    11 ||    14
       Short sword       |    29 |   196 ||   225
  Use: Potion            |       |     7 ||     7
       Scroll            |       |     5 ||     5
 Stab: Sleeping          |     8 |     7 ||    15
       Distracted        |       |     1 ||     1
Armor: Robe              |    15 |       ||    15
       Leather armour    |     3 |    48 ||    51
       Skin              |       |    28 ||    28
Dodge: Dodged            |    80 |   147 ||   227

Table legend: (Time is in decaauts)
 A = Elapsed time spent in this place.
 B = Non-inter-level travel time spent in this place.
 C = Inter-level travel time spent in this place.
 D = Time resting spent in this place.
 E = Time spent auto-exploring this place.
 F = Levels seen in this place.
 G = Mean time per level.
                   A        B        C        D        E       F      G
               +--------+--------+--------+--------+--------+-----+--------+
         Total |   3181 |   3074 |    107 |      0 |   2465 |   4 |  795.2 |
       Dungeon |   3181 |   3074 |    107 |      0 |   2465 |   4 |  795.2 |
               +--------+--------+--------+--------+--------+-----+--------+

Top non-repeatable levels by time:
     D:3: 1339 daAuts
     D:2: 865 daAuts
     D:1: 679 daAuts
     D:4: 297 daAuts
